 Dungeon Crawl Stone Soup version 0.29.1-2-gbd0b4ee654 (webtiles) character file.

Game seed: 16742433460272301659

4065 MisterFreud the Blocker (level 10, -15/96 HPs)
             Began as a Troll Berserker on Nov 2, 2022.
             Was an Elder of Trog.
             Demolished by a skeletal warrior
             ... wielding a +0 battleaxe
              (20 damage)
             ... on level 9 of the Dungeon.
             The game lasted 00:07:43 (6170 turns).

MisterFreud the Blocker (Troll Berserker)           Turns: 6170, Time: 00:07:44

Health: -15/96     AC: 11    Str: 27    XL:     10   Next: 5%
Magic:  9/9        EV:  9    Int:  5    God:    Trog [****..]
Gold:   525        SH: 10    Dex: 11    Spells: 9/9 levels left

rFire   . . .      SeeInvis .     - Unarmed
rCold   . . .      Faith    .   y - +0 kite shield
rNeg    . . .      Spirit   .   A - +0 troll leather armour
rPois   .          Reflect  .   (helmet restricted)
rElec   .          Harm     .   d - +0 cloak
rCorr   .          Rampage  .   (gloves unavailable)
Will    .....                   (boots unavailable)
Stlth   +.........              (no amulet)
HPRegen 1.86/turn               h - +4 ring of protection
MPRegen 0.11/turn               (no ring)

@: slowed, very slow
A: large, unfitting armour, claws 3, regeneration 1, shaggy fur 1, tough skin 1
a: Renounce Religion, Berserk, Trog's Hand, Brothers in Arms


You were on level 9 of the Dungeon.
You worshipped Trog.
Trog was greatly pleased with you.
You visited 1 branch of the dungeon, and saw 9 of its levels.

You collected 525 gold pieces.

Inventory:

Missiles
 j - 11 boomerangs (quivered)
 u - 7 poisoned darts
Armour
 a - a +0 animal skin
 d - a +0 cloak (worn)
 y - a +0 kite shield (worn)
 A - a +0 troll leather armour (worn)
Jewellery
 h - a +4 ring of protection (left claw)
 n - a ring of flight
 r - a ring of see invisible
 s - an amulet of magic regeneration
 H - a ring of resist corrosion
 J - an amulet of faith
Wands
 z - a wand of paralysis (10)
 D - a wand of iceblast (4)
 K - a wand of mindburst (7)
Scrolls
 e - 5 scrolls of fear
 g - 9 scrolls of identify
 k - a scroll of silence
 l - a scroll of amnesia
 o - a scroll of poison
 q - 3 scrolls of blinking
 t - a scroll of summoning {unknown}
 v - a scroll of immolation {unknown}
 w - a scroll of noise {unknown}
 x - 2 scrolls of teleportation
 E - a scroll of enchant weapon {unknown}
 F - a scroll of fog
Potions
 b - 2 potions of flight
 c - a potion of resistance
 f - 3 potions of brilliance {unknown}
 i - 3 potions of curing {unknown}
 m - 2 potions of attraction
 p - a potion of might {unknown}
 B - a potion of degeneration {unknown}
 C - a potion of heal wounds {unknown}
 G - a potion of mutation {unknown}
 I - 2 potions of magic {unknown}


   Skills:
 - Level 5.0 Fighting
 + Level 4.6 Throwing
 - Level 2.4 Dodging
 - Level 9.0 Shields
 + Level 8.4 Unarmed Combat


You had 9 spell levels left.
You didn't know any spells.
Your spell library was empty.

Dungeon Overview and Level Annotations

Branches:
Dungeon (9/15)             Temple (0/1) D:6
   Lair: D:8-11         Orc: D:9-12

Altars:
Cheibriados
Gozag
Hepliaklqana
Qazlal
Ru
Trog
Uskayaw
Wu Jian
Xom
Yredelemnul
Zin

Shops:
D:2 (

Annotations:
D:5 3 runed translucent doors, diceflayer's ghost, amateur DsFi
D:6 3 runed translucent doors, LaMa's ghost, novice DsMo; diceflayer's ghost, novice DsFi; p0werm0de's ghost, novice OpMo; sankara's ghost, novice HOFi


Innate Abilities, Weirdness & Mutations

You are too large for most types of armour.
You have claws for hands.
Your natural rate of healing is unusually fast.
You are covered in fur. (AC +1)
You have tough skin. (AC +1)


Message History

a +0 whip; a curare-tipped dart You are too injured to fight recklessly!
You claw the skeletal warrior!
The skeletal warrior is moderately damaged.
You feel sick.
You are no longer poisoned.
The skeletal warrior barely misses you.
You claw the skeletal warrior!
The skeletal warrior is heavily damaged.
The skeletal warrior barely misses you.
A skeletal warrior comes into view. It is wielding a +0 war axe.
The skeletal warrior hits you with a +0 battleaxe!!
* * * LOW HITPOINT WARNING * * *
You are too injured to fight recklessly!
Things that are here:
a +0 short sword; 2 stones; a kobold corpse The skeletal warrior hits you with a +0 battleaxe!!
* * * LOW HITPOINT WARNING * * *
Okay, then.
Unknown command.
Blink to where?
Press: ? - help, Dir - move target
As you read the scroll of blinking, it crumbles to dust.
The skeletal warrior attacks as you move away!
You block the skeletal warrior's attack.
The skeletal warrior hits you with a +0 battleaxe!
* * * LOW HITPOINT WARNING * * *
Okay, then.
Unknown command.
Unknown command.
Unknown command.
Unknown command.
Unknown command.
Unknown command.
The skeletal warrior attacks as you move away!
The skeletal warrior hits you with a +0 battleaxe!
* * * LOW HITPOINT WARNING * * *
The skeletal warrior attacks as you move away!
The skeletal warrior hits you with a +0 battleaxe!!
You die...

#.# #z# #.# #.# #
#######.#####.#########. #.##
........................ ...
<......#########z###### #
.......# #.# # .......# #z# #
.......# #z# #
.......#########@################
.......)†........................
......######.#####.#######.#####.
......# #.# #.# #.# #. ..(...#
#.# #.# #.# #. ......# #.# #.#
#.# #. ......# #.# #<# #.# #.
......# #.# #.# #.# #. ......#
#.# #.# #.# #.


You could see 3 skeletal warriors.

Vanquished Creatures
  A troll (D:6)
  A shadow (D:9)
  6 yaks (D:9)
  A wyvern (D:8)
  2 steam dragons
  An acid dragon (D:6)
  An orc warrior (D:9)
  An ice beast (D:5)
  An ogre (D:6)
  A kobold brigand (D:9)
  6 scorpions
  A bullfrog (D:9)
  4 wights (D:6)
  9 killer bees
  3 howler monkeys
  3 jellies
  2 hounds
  3 gnoll boudas
  4 iguanas
  6 orc wizards
  10 adders
  13 gnolls
  2 shadow imps (D:6)
  2 worms
  4 dart slugs
  22 orcs
  9 ball pythons
  9 bats
  2 endoplasms
  3 giant cockroaches
  7 goblins
  5 hobgoblins
  7 jackals
  3 quokkas
  6 frilled lizards
  5 kobolds
  5 rats
171 creatures vanquished.

Notes
Turn   | Place    | Note
-------+----------+-------------------------------------------
     0 | D:1      | MisterFreud the Troll Berserker began the quest for the
                  | Orb.
     0 | D:1      | Reached XP level 1. HP: 22/22 MP: 0/0
   209 | D:1      | Reached XP level 2. HP: 29/29 MP: 1/1
  1042 | D:2      | Reached XP level 3. HP: 36/36 MP: 2/2
  1253 | D:2      | Reached ** piety under Trog
  1276 | D:2      | Reached skill level 5 in Unarmed Combat
  1276 | D:2      | Reached XP level 4. HP: 43/44 MP: 3/3
  1419 | D:2      | Found Onuurch's Antique Weapon Boutique.
  1530 | D:3      | Reached XP level 5. HP: 37/50 MP: 4/4
  1616 | D:3      | Found a faded altar of an unknown god.
  1763 | D:3      | Found a sacrificial altar of Ru.
  2376 | D:4      | Found a stormy altar of Qazlal.
  2456 | D:4      | Reached XP level 6. HP: 59/59 MP: 5/5
  2463 | D:4      | Reached *** piety under Trog
  2624 | D:4      | Found an opulent altar of Gozag.
  2886 | D:5      | Entered Level 5 of the Dungeon
  2996 | D:5      | Found a runed translucent gate.
  2996 | D:5      | Found a runed translucent gate.
  2996 | D:5      | Noticed diceflayer's ghost (amateur DsFi)
  2998 | D:5      | Found a runed translucent gate.
  3202 | D:5      | Reached XP level 7. HP: 57/66 MP: 6/6
  3204 | D:5      | Reached skill level 1 in Throwing
  3505 | D:5      | Found a hazy altar of Hepliaklqana.
  3744 | D:6      | Found a staircase to the Ecumenical Temple.
  3744 | D:6      | Noticed a troll
  3746 | D:6      | Found a runed translucent gate.
  3746 | D:6      | Found a runed translucent gate.
  3747 | D:6      | Found a runed translucent gate.
  3753 | D:6      | Killed a troll
  3754 | D:6      | Reached XP level 8. HP: 41/78 MP: 7/7
  3819 | D:6      | Noticed LaMa's ghost (novice DsMo)
  3882 | D:6      | Noticed sankara's ghost (novice HOFi)
  3883 | D:6      | Noticed diceflayer's ghost (novice DsFi)
  3885 | D:6      | Noticed p0werm0de's ghost (novice OpMo)
  4002 | D:6      | Reached skill level 1 in Shields
  4064 | D:6      | Found a basalt altar of Yredelemnul.
  4111 | D:6      | Found a snail-covered altar of Cheibriados.
  4165 | D:6      | Found a bloodstained altar of Trog.
  4265 | D:6      | Reached skill level 2 in Shields
  4326 | D:6      | Reached skill level 5 in Fighting
  4592 | D:7      | Reached skill level 3 in Shields
  4654 | D:7      | Reached skill level 4 in Shields
  4674 | D:7      | Reached **** piety under Trog
  4675 | D:7      | Reached skill level 5 in Shields
  4969 | D:7      | Reached XP level 9. HP: 79/88 MP: 8/8
  5045 | D:7      | Found a sand-covered staircase.
  5521 | D:8      | Reached skill level 6 in Shields
  5640 | D:8      | Found an ornate altar of the Wu Jian Council.
  5918 | D:9      | Found a hide-covered altar of Uskayaw.
  5918 | D:9      | Found a shimmering altar of Xom.
  5934 | D:9      | Reached skill level 7 in Shields
  5963 | D:9      | Reached skill level 8 in Shields
  5992 | D:9      | Reached skill level 9 in Shields
  6013 | D:9      | Found a glowing silver altar of Zin.
  6118 | D:9      | Reached XP level 10. HP: 96/96 MP: 9/9
  6151 | D:9      | Noticed a skeletal warrior
  6154 | D:9      | Noticed a skeletal warrior
  6154 | D:9      | Noticed a skeletal warrior
  6158 | D:9      | Noticed a skeletal warrior
  6160 | D:9      | Noticed a skeletal warrior
  6169 | D:9      | HP: 3/96 [skeletal warrior/+0 battleaxe (13)]
  6170 | D:9      | Demolished by a skeletal warrior

Illustrated notes

Levels and vault maps discovered:
D:1:      erik_arrival_cave_to_civilisation [erik_arrival_cave_to_hall],
          layout_basic, minmay_misc_feat_cross, minivault_27
D:2:      layout_rooms, serial_shops, nicolae_lakefront_shop
D:3:      layout_basic, nicolae_ru_great_annihilating_truth,
          hellmonk_ecumenical_altar_heavens_door, st_stairs_6
D:4:      layout_cave_pools, mainiacjoe_overflow_alcove_4,
          nicolae_qazlal_scattered_showers, grunt_ministairs_1,
          kennysheep_generic_room_9
D:5:      layout_loops_ring, lemuel_coloured_pillars_altar,
          gammafunk_ghost_nasty_kobolds
D:6:      layout_loops_cross, nicolae_overflow_crystal_walls,
          mainiacjoe_overflow_chevrons, lemuel_tele_altar, temple_statues,
          gammafunk_ghost_cemetery
D:7:      layout_basic, nicolae_ossuary_entry_monument,
          kennysheep_generic_room_12
D:8:      layout_rooms, mainiacjoe_overflow_catwalk
D:9:      layout_small_grid, nemelex_diamond_rough_becter,
          chequers_temple_overflow_statue_of_worship,
          mainiacjoe_overflow_surrounded_room

Skill      XL: |  1  2  3  4  5  6  7  8  9 |
---------------+----------------------------+-----
Unarmed Combat | 4 5 6 8 |  8.4
Throwing       | 4 |  4.6
Fighting       | 4 5 |  5.0
Shields        | 5 9 |  9.0
Dodging        | |  2.4

Action                   |  1- 3 |  4- 6 |  7- 9 | 10-12 || total
-------------------------+-------+-------+-------+-------++-------
Melee: Unarmed           |    80 |   139 |   260 |    21 ||   500
       Punch             |       |     1 |     3 |       ||     4
Invok: Berserk           |       |       |     3 |       ||     3
  Use: Scroll            |     9 |     3 |       |     1 ||    13
 Stab: Sleeping          |       |     2 |       |       ||     2
       Paralysed         |       |     1 |       |       ||     1
Armor: Animal skin       |    42 |    52 |    31 |       ||   125
       Troll leather arm |       |       |    55 |     3 ||    58
Dodge: Dodged            |    35 |    48 |    84 |     5 ||   172
Block: Kite shield       |       |       |    81 |     9 ||    90
